 Dungeon Crawl Stone Soup version 0.21-a0-59-g7b0e191 (webtiles) character file.

9771 xgamer67 the Severer (level 11, -1/99 HPs)
             Began as a Hill Orc Fighter on June 16, 2017.
             Was an Elder of Beogh.
             Killed from afar by a vampire (24 damage)
             ... with a wand of lightning (?/15)
             ... on level 11 of the Dungeon.
             The game lasted 00:30:17 (10302 turns).

xgamer67 the Severer (Hill Orc Fighter)            Turns: 10302, Time: 00:30:18

Health: -1/99      AC: 19    Str: 18    XL:     11   Next: 51%
Magic:  14/14      EV:  6    Int:  8    God:    Beogh [****..]
Gold:   566        SH: 15    Dex: 15    Spells: 4/10 levels left

rFire    . . .     SeeInvis .   a - +1 war axe (flame)
rCold    . . .     Gourm    .   c - +0 shield
rNeg     . . .     Faith    .   q - +0 plate armour
rPois    +         Spirit   .   M - +2 helmet
rElec    .         Reflect  +   (no cloak)
rCorr    .         Harm     .   (no gloves)
MR       .....                  B - +1 pair of boots
Stlth    ..........             x - +6 amulet of reflection
HPRegen  0.26/turn              i - ring of stealth
MPRegen  0.14/turn              C - ring of poison resistance

@: berserk cooldown, slowed, very slow
A: agile 1, weak 1, sturdy frame 1
a: Smiting, Recall Orcish Followers, Renounce Religion


You were on level 11 of the Dungeon.
You worshipped Beogh.
Beogh was greatly pleased with you.
You were not hungry.

You visited 1 branch of the dungeon, and saw 11 of its levels.

You collected 566 gold pieces.

Inventory:

Hand Weapons
 a - a +1 war axe of flaming (weapon)
 d - a +3 battleaxe
Missiles
 A - 14 tomahawks (quivered)
 N - 3 javelins
Armour
 c - a +0 shield (worn)
 q - a +0 plate armour (worn)
 u - the +1 leather armour of Life {Int+7, unknown}
   (You found it on level 10 of the Dungeon)

   It affects your intelligence (+7).
 y - the -3 pair of gloves of Hotabin {rN+ Regen+ rCorr Str-2}
   (You found it on level 4 of the Dungeon)

   It affects your strength (-2).
   It protects you from negative energy.
   It increases your rate of regeneration.
   It protects you from acid and corrosion.
 B - a +1 pair of boots (worn)
 H - a cursed +0 ring mail
 I - a +0 chain mail
 M - a +2 helmet (worn)
Jewellery
 i - a ring of stealth (left hand)
 x - a +6 amulet of reflection (around neck)
 C - a ring of poison resistance (right hand)
Wands
 w - a wand of scattershot (0/9)
 G - a wand of flame (12/48)
Scrolls
 e - 8 scrolls of teleportation
 j - 4 scrolls of remove curse
 m - 2 scrolls of enchant armour
 n - 4 scrolls of recharging
 o - 2 scrolls of amnesia
 p - 4 scrolls of fog
 t - 2 scrolls of enchant weapon
 P - a scroll of magic mapping
Potions
 b - 4 potions of flight
 h - 2 potions of haste
 l - a potion of invisibility
 s - a potion of lignification
 v - a potion of curing
 z - 2 potions of resistance
 O - a potion of mutation
Books
 D - a book of Callings

   Spells                             Type                      Level
   a - Summon Small Mammal            Summoning                    1
   b - Call Imp                       Summoning                    2
   c - Call Canine Familiar           Summoning                    3
   d - Summon Guardian Golem          Hexes/Summoning              3
   e - Summon Lightning Spire         Summoning/Air                4
   f - Summon Ice Beast               Ice/Summoning                4
 K - a book of Frost

   Spells                             Type                      Level
   a - Freeze                         Ice                          1
   b - Throw Frost                    Conjuration/Ice              2
   c - Ozocubu's Armour               Charms/Ice                   3
   d - Throw Icicle                   Conjuration/Ice              4
   e - Summon Ice Beast               Ice/Summoning                4
 L - Vearued's Compendium of Stolen Souls and Protection
   (You found it on level 10 of the Dungeon)

   Spells                             Type                      Level
   a - Song of Slaying                Charms                       2
   b - Swiftness                      Charms/Air                   2
   c - Shroud of Golubria             Charms/Translocation         2
   d - Sublimation of Blood           Necromancy                   2
   e - Ozocubu's Armour               Charms/Ice                   3
Comestibles
 f - 7 bread rations
 g - 11 royal jellies
 k - 7 meat rations
 E - 5 fruits


   Skills:
 - Level 10.0 Fighting
 - Level 16.0 Axes
 - Level 9.0 Armour
 + Level 3.0 Dodging
 - Level 3.2 Shields
 + Level 4.7 Invocations


You had 4 spell levels left.
You knew the following spells:

 Your Spells              Type           Power        Failure   Level  Hunger
a - Animate Skeleton      Necr           N/A          100%        1    ##.....
b - Apportation           Tloc           #.....       100%        1    ##.....
c - Confusing Touch       Hex            #.....       100%        1    ##.....
d - Summon Small Mammal   Summ           #...         100%        1    ##.....
e - Swiftness             Chrm/Air       #.......     100%        2    ###....


Dungeon Overview and Level Annotations

Branches:
Dungeon (11/15)            Temple (0/1) D:6            Lair (0/6) D:10
    Orc: D:9-12

Altars:
Dithmenos
Hepliaklqana
Okawaru
Ru
Trog
Wu Jian

Shops:
D:8 }


Innate Abilities, Weirdness & Mutations

You are agile. (Dex +2)
You are weak. (Str -2)
Your movements are slightly less encumbered by armour. (ER -2)


Message History

The stone barely misses your orc.
The stone hits your orc knight but does no damage.
You swap places.
Something hits you but does no damage. Something misses your orc warrior.
Something hits your orc warrior! Something hits you!
* * * LOW HITPOINT WARNING * * *
Something freezes you.
* * * LOW HITPOINT WARNING * * *
You block something's attack.
You see here a stone.
You swap places.
Something hits your orc knight.
A stone appears from out of thin air!
The stone hits your orc knight!
Your orc warrior no longer looks unusually strong.
Your orc warrior hits something but does no damage.
A stone appears from out of thin air!
The stone hits your orc knight.
You hear a zap.
A bolt of lightning appears from out of thin air!
The bolt of lightning hits your orc knight.
The bolt of lightning hits you!
You die...

## #..###'###o..# .#
...##.....##o.##
.##.##.......##..#
##[[[##.###...#o#...##.#
##.....##.#....#o#....#.##
#.......#.#...##o##oo.#..# +
#)).#...##'o..#8o.#...'...
#.#...†..!#.#o..##_.#...#"..
#.##..)..##@#oo##...##..#...
#.##{..##.###.#..#.##.##...
#.##)##o## ###..8..###....
##..o(.## #⌠.#..# ....
###)### ###+### ...#. #.#.#
..... #. .# ##..## #. .# #.
.#


You could see a friendly orc knight.

Vanquished Creatures
  A hydra (D:11)
  A two-headed ogre (D:9)
  The ghost of anet the Magician, a novice DEWz of Ashenzari (D:7)
  2 hornets
  A wyvern (D:6)
  Grum (D:9)
  2 wargs (D:10)
  2 soldier ants (D:8)
  A water moccasin (D:7)
  3 sky beasts
  5 orc warriors
  2 black bears
  A phantom (D:7)
  2 ice beasts
  2 ogres
  2 wolves (D:9)
  2 centaurs
  A crocodile (D:8)
  6 bullfrogs
  A wyvern skeleton (D:11)
  2 scorpions (D:7)
  11 wights
  2 howler monkeys
  6 crimson imps
  A quasit (D:5)
  7 hounds
  6 jellies
  3 orc priests
  A bullfrog skeleton (D:6)
  A gnoll shaman (D:4)
  4 iguanas
  A centaur skeleton (D:7)
  7 orc wizards
  3 worker ants
  A killer bee zombie (D:4)
  A hound zombie (D:5)
  A howler monkey zombie (D:7)
  3 worker ant zombies
  Robin (D:2)
  11 gnolls
  16 adders
  3 shadow imps
  2 oozes
  An adder skeleton (D:4)
  2 worms
  2 dart slugs
  3 leopard geckos
  17 orcs
  10 bats
  3 giant cockroaches
  18 goblins
  11 hobgoblins
  6 jackals
  3 quokkas
  A ball python (D:3)
  8 frilled lizards
  8 kobolds
  A leopard gecko zombie (D:5)
  A quokka skeleton (D:4)
  7 rats
235 creatures vanquished.

Vanquished Creatures (collateral kills)
  An ogre mage (D:11)
  A two-headed ogre (D:9)
  An ugly thing (D:11)
  A freezing wraith (D:11)
  A hornet (D:10)
  A troll (D:11)
  A tengu conjurer (D:11)
  A hippogriff (D:10)
  A hippogriff (shapeshifter) (D:11)
  2 hungry ghosts (D:9)
  An orc warrior (D:10)
  An ogre (D:10)
  A bullfrog skeleton (D:11)
  An orc priest (D:9)
  An orc wizard (D:10)
  A shadow imp (D:11)
  3 orcs (D:10)
20 creatures vanquished.

Vanquished Creatures (others)
  2 orc warriors
  A centaur (D:5)
  8 orcs
11 creatures vanquished.

Grand Total: 266 creatures vanquished

Notes
Turn   | Place    | Note
-------+----------+-------------------------------------------
     0 | D:1      | xgamer67 the Hill Orc Fighter began the quest for the Orb.
     0 | D:1      | Reached XP level 1. HP: 19/19 MP: 1/1
    80 | D:1      | Reached skill level 3 in Axes
   184 | D:1      | Reached XP level 2. HP: 26/26 MP: 2/2
   356 | D:1      | Reached skill level 4 in Axes
  1083 | D:1      | Reached XP level 3. HP: 29/31 MP: 3/3
  1263 | D:2      | Noticed Robin
  1266 | D:2      | Reached skill level 5 in Axes
  1275 | D:2      | Killed Robin
  1286 | D:2      | Reached XP level 4. HP: 16/39 MP: 4/4
  1783 | D:2      | Reached skill level 6 in Axes
  2023 | D:2      | Reached XP level 5. HP: 36/45 MP: 5/5
  2297 | D:3      | Became a worshipper of Beogh the Brigand
  2436 | D:3      | Reached skill level 7 in Axes
  2671 | D:3      | Learned a level 1 spell: Animate Skeleton
  2673 | D:3      | Learned a level 1 spell: Apportation
  2675 | D:3      | Learned a level 1 spell: Confusing Touch
  2677 | D:3      | Learned a level 1 spell: Summon Small Mammal
  2871 | D:4      | Got a pair of transparent gloves
  2877 | D:4      | Identified the cursed -3 pair of gloves of Hotabin {rN+ Regen+ rCorr Str-2} (You found it on level 4 of the Dungeon)
  3026 | D:4      | Reached * piety under Beogh
  3205 | D:4      | Reached skill level 8 in Axes
  3205 | D:4      | Reached XP level 6. HP: 51/51 MP: 6/6
  3648 | D:5      | Entered Level 5 of the Dungeon
  3649 | D:5      | Noticed an ice beast
  3708 | D:5      | Reached skill level 9 in Axes
  3864 | D:5      | Reached XP level 7. HP: 57/57 MP: 7/7
  3962 | D:5      | Reached skill level 10 in Axes
  4197 | D:5      | Reached skill level 5 in Armour
  4993 | D:6      | Found an iron altar of Okawaru.
  5045 | D:6      | Noticed a wyvern
  5054 | D:6      | Killed a wyvern
  5054 | D:6      | Reached skill level 5 in Fighting
  5054 | D:6      | Reached XP level 8. HP: 58/70 MP: 8/8
  5614 | D:6      | Found a staircase to the Ecumenical Temple.
  5813 | D:7      | Noticed anet's ghost (novice DEWz)
  5815 | D:7      | Reached ** piety under Beogh
  5866 | D:7      | Killed anet's ghost
  5866 | D:7      | Reached XP level 9. HP: 70/81 MP: 9/9
  6283 | D:7      | Found a sacrificial altar of Ru.
  6459 | D:7      | Reached skill level 11 in Axes
  6823 | D:8      | Found a shadowy altar of Dithmenos.
  7121 | D:8      | Reached *** piety under Beogh
  7467 | D:8      | Found Sarphe's Gadget Emporium.
  7490 | D:8      | Found a bloodstained altar of Trog.
  7510 | D:8      | Reached skill level 12 in Axes
  7653 | D:8      | Reached XP level 10. HP: 84/90 MP: 10/10
  7729 | D:8      | Paralysed by a hornet for 3 turns
  8038 | D:9      | Found an ornate altar of the Wu Jian Council.
  8084 | D:9      | Noticed a two-headed ogre
  8100 | D:9      | Killed a two-headed ogre
  8100 | D:9      | Reached skill level 10 in Fighting
  8100 | D:9      | Reached skill level 13 in Axes
  8345 | D:9      | Noticed Grum
  8355 | D:9      | Killed Grum
  8512 | D:9      | Found a hazy altar of Hepliaklqana.
  8533 | D:9      | Noticed a two-headed ogre
  8541 | D:9      | Killed a two-headed ogre
  8541 | D:9      | Reached skill level 14 in Axes
  9290 | D:10     | Entered Level 10 of the Dungeon
  9314 | D:10     | Paralysed by a hornet for 1 turns
  9323 | D:10     | Reached skill level 15 in Axes
  9484 | D:10     | Found a staircase to the Lair.
  9488 | D:10     | Reached XP level 11. HP: 99/99 MP: 11/11
  9493 | D:10     | Reached **** piety under Beogh
  9651 | D:10     | Got a fine leather armour
  9679 | D:10     | Identified Vearued's Compendium of Stolen Souls and Protection
  9741 | D:10     | Learned a level 2 spell: Swiftness
  9808 | D:10     | Reached skill level 16 in Axes
  9843 | D:10     | Gained Gorm as an ally
 10159 | D:11     | Reached skill level 1 in Invocations
 10163 | D:11     | Reached skill level 1 in Dodging
 10232 | D:11     | Found an ornate altar of the Wu Jian Council.
 10268 | D:11     | Noticed an eight-headed hydra
 10269 | D:11     | Noticed a white ugly thing
 10276 | D:11     | Noticed an ogre mage
 10283 | D:11     | Killed an ogre mage
 10284 | D:11     | Killed a white ugly thing
 10288 | D:11     | Killed an eight-headed hydra
 10289 | D:11     | Gained mutation: Your movements are slightly less encumbered by armour. (ER -2) [potion of mutation]
 10289 | D:11     | Gained mutation: You are weak. (Str -2) [potion of mutation]
 10289 | D:11     | Gained mutation: You are agile. (Dex +2) [potion of mutation]
 10302 | D:11     | Killed from afar by a vampire

Vault maps used:
D:1:      minmay_arrival_widening_spiral_wide, serial_co_window_serial,
          co_window_of_opportunity_a, co_window_paths_a, co_window_paths_b,
          co_window_paths_b, co_window_paths_a, co_window_corner_a,
          co_window_corner_cb, co_window_2corner, co_window_unsneaky_path_d,
          co_window_2corner, co_window_2corner, co_window_unsneaky_path_d,
          glass_columns_b, glass_columns_a
D:2:      uniq_robin
D:3:      first_bread
D:6:      kennysheep_little_box, minmay_temple_entry_poolview
D:7:      lemuel_doored_altar, kennysheep_generic_room_11
D:8:      grunt_dithmenos_smoke, lightli_temple_of_fire, serial_shops, shop,
          hangedman_pestilent_swarm
D:9:      lemuel_upstairs_altar, old_standard_altar,
          lemuel_coloured_pillars_altar, uniq_grum
D:10:     erik_lair_orcish_takeover, minivault_27, minivault_25,
          roderic_st_hans_cross
D:11:     minmay_the_grid_octo_2x2, orc_0_dummy, serial_shops, shop, uniq_harold

Skill      XL: |  1  2  3  4  5  6  7  8  9 10 11 |
---------------+----------------------------------+-----
Axes           | 3 4 5 6 8 9 10 12 15 16 | 16.0
Armour         | 5 7 9 |  9.0
Fighting       | 5 8 10 | 10.0
Invocations    | 4 |  4.7
Dodging        | 3 |  3.0
Shields        | |  3.2

Action                   |  1- 3 |  4- 6 |  7- 9 | 10-12 || total
-------------------------+-------+-------+-------+-------++-------
Melee: War axe           |    94 |   262 |   405 |   269 ||  1030
Invok: Convert to Beogh  |       |     1 |       |       ||     1
Evoke: Wand              |       |       |       |     6 ||     6
  Use: Scroll            |       |    10 |     7 |     2 ||    19
       Potion            |       |       |     1 |     5 ||     6
 Stab: Distracted        |       |       |       |     2 ||     2
       Invisible         |       |       |       |     1 ||     1
  Eat: Chunk             |     1 |     6 |     8 |     8 ||    23
       Fruit             |       |     4 |       |     2 ||     6
       Royal jelly       |       |       |     2 |       ||     2
Armor: Scale mail        |    51 |    14 |       |       ||    65
       Plate armour      |       |   113 |   130 |   114 ||   357
Dodge: Dodged            |    31 |    37 |    27 |    28 ||   123
Block: Shield            |    50 |   161 |   230 |   189 ||   630
       Reflection        |       |     3 |     2 |     2 ||     7
